 Dungeon Crawl Stone Soup version 0.29-a0-321-gf1c400731a (webtiles) character file.

Game seed: 14658574954429288504

45 sammy202020 the Skirmisher (level 3, -2/40 HPs)
             Began as an Ogre Monk on Apr 4, 2022.
             Slain by Sigmund
             ... wielding a +0 scythe
              (11 damage)
             ... on level 2 of the Dungeon.
             The game lasted 00:02:27 (1807 turns).

sammy202020 the Skirmisher (Ogre Monk)              Turns: 1807, Time: 00:02:28

Health: -2/40      AC:  3    Str: 17    XL:     3   Next: 64%
Magic:  3/3        EV: 10    Int: 11    God:
Gold:   44         SH:  0    Dex: 11    Spells: 2/2 levels left

rFire   . . .      SeeInvis .   a - +0 mace
rCold   . . .      Faith    .   (no shield)
rNeg    . . .      Spirit   .   b - +0 robe
rPois   .          Reflect  .   (helmet restricted)
rElec   .          Harm     .   (no cloak)
rCorr   .          Rampage  .   (gloves unavailable)
Will    .....                   (boots unavailable)
Stlth   ++........              (no amulet)
HPRegen 0.13/turn               (no ring)
MPRegen 0.08/turn               (no ring)

@: no status effects
A: large, unfitting armour, tough skin 1
a: no special abilities


You were on level 2 of the Dungeon.
You visited 1 branch of the dungeon, and saw 2 of its levels.

You collected 44 gold pieces.

Inventory:

Hand Weapons
 a - a +0 mace (weapon)
Armour
 b - a +0 robe (worn)
Jewellery
 e - an amulet of faith
Scrolls
 d - 2 scrolls of blinking {unknown}
 g - 2 scrolls of identify {unknown}
 h - a scroll of summoning {unknown}
 j - 3 scrolls of vulnerability {unknown}
 k - a scroll of acquirement {unknown}
Potions
 f - a potion of curing
 i - a potion of flight {unknown}
 l - a potion of might {unknown}


   Skills:
 + Level 4.4 Fighting
 * Level 3.2 Maces & Flails
 * Level 3.2 Dodging
 + Level 1.8 Stealth


You had 2 spell levels left.
You didn't know any spells.
Your spell library contained the following spells:

 Spells                   Type           Power      Damage    Failure   Level
 Blink                    Tloc           0%         N/A       47%         2
 Lesser Beckoning         Tloc           0%         N/A       71%         3
 Manifold Assault         Tloc           0%         N/A       100%        5


Dungeon Overview and Level Annotations

Branches:
Dungeon (2/15)

Altars:

Annotations:
D:2 Sigmund


Innate Abilities, Weirdness & Mutations

You are too large for most types of armour.
You have tough skin. (AC +1)


Message History

You're too confused to attack without stumbling around!
You completely miss something. The bat closely misses you. Something hits you.
Found 11 stones.
The bat barely misses you. Something hits you but does no damage.
The bat hits you but does no damage.
You completely miss something. The bat barely misses you. Something hits you.
The bat closely misses you.
You hit the bat.
You kill the bat!
You feel less confused. Something hits you but does no damage.
You miss something. Something hits you but does no damage.
You closely miss something. Something hits you!
You barely miss something. You barely miss something. Something hits you.
You hit something.
You hear some strange, mumbled words.
A magic dart appears from out of thin air!
The magic dart hits you.
* * * LOW HITPOINT WARNING * * *
You are confused.
You feel invigorated. Something hits you!
* * * LOW HITPOINT WARNING * * *
You're too confused to move!
You hear some strange, mumbled words.
Something tries to affect you, but you resist.
Something hits you.
* * * LOW HITPOINT WARNING * * *
You hear some strange, mumbled words.
You are more confused.
You miss something. Something hits you. Something hits you!
* * * LOW HITPOINT WARNING * * *
Something hits you.
It was a potion of curing.
You feel better.
You feel less invigorated. Something hits you.
You closely miss something. Something hits you!
* * * LOW HITPOINT WARNING * * *
You hit something. Something hits you!
You die...

#.# #.# ####### #.#####
......###.#...#
#.........# # #
#.........# .#
#####.........#####.#
..........>......{..+
#####.......##..@.#.# #
#.....#.#.........#
####...##.#<#.....##....
........................
#####..............#....
........).....#+##.# ..(
...##......#### .# ..
.).##......# .. .
.########### ...


There were no monsters in sight!

Vanquished Creatures
  An adder (D:2)
  A dart slug (D:2)
  2 endoplasms (D:1)
  4 goblins
  5 hobgoblins (D:1)
  2 kobolds (D:1)
  3 quokkas (D:1)
  4 ball pythons (D:1)
  5 bats
  2 frilled lizards (D:1)
  2 rats (D:1)
31 creatures vanquished.

Vanquished Creatures (others)
  2 plants (D:1)
2 creatures vanquished.

Grand Total: 33 creatures vanquished

Notes
Turn   | Place    | Note
-------+----------+-------------------------------------------
     0 | D:1      | sammy202020 the Ogre Monk began the quest for the Orb.
     0 | D:1      | Reached XP level 1. HP: 24/24 MP: 1/1
   361 | D:1      | Reached XP level 2. HP: 32/32 MP: 2/2
   678 | D:1      | Reached XP level 3. HP: 21/39 MP: 3/3
  1315 | D:2      | Noticed Sigmund
  1797 | D:2      | HP: 2/40 [something (10)]
  1807 | D:2      | Slain by Sigmund

Illustrated notes

Levels and vault maps discovered:
D:1:      amcnicky_arrival_single_pillar, layout_basic,
          amcnicky_mini_rare_corridor_liquid, minmay_shallow_snake_nest
D:2:      layout_basic, st_stairs_8, uniq_sigmund

Skill      XL: |  1  2 |
---------------+-------+-----
Maces & Flails | 3 |  3.2
Dodging        | 3 |  3.2
Fighting       | |  4.4
Stealth        | |  1.8

Action                   || total
-------------------------++-------
Melee: Mace              ||   107
  Use: Potion            ||     2
 Stab: Sleeping          ||     4
       Distracted        ||     1
Armor: Robe              ||    52
Dodge: Dodged            ||    97

Table legend: (Time is in decaauts)
 A = Elapsed time spent in this place.
 B = Non-inter-level travel time spent in this place.
 C = Inter-level travel time spent in this place.
 D = Time resting spent in this place.
 E = Time spent auto-exploring this place.
 F = Levels seen in this place.
 G = Mean time per level.
                   A        B        C        D        E       F      G
               +--------+--------+--------+--------+--------+-----+--------+
         Total |   1833 |   1703 |    130 |    368 |    957 |   2 |  916.5 |
       Dungeon |   1833 |   1703 |    130 |    368 |    957 |   2 |  916.5 |
               +--------+--------+--------+--------+--------+-----+--------+

Top non-repeatable levels by time:
     D:1: 1333 daAuts
     D:2: 499 daAuts
